2263 views
Uploaded 2022-06-13 01:13:42
Game version 1.32.10
60:36 long 3on3 ladder game on (6)TimbermawHold
Saved by Cabeelibob
2263 views
Uploaded 2022-06-13 01:13:42
Game version 1.32.10
60:36 long 3on3 ladder game on (6)TimbermawHold


209 units @ 29.1k
/ 4.8k
205 buildings @ 28.9k
/ 15.9k
TimeToLeave
(60:28) : 

x1)
| Lesser Clarity Potion | 5 | 350 |
| Scroll of Speed | 1 | 50 |
| Tiny Great Hall | 2 | 1200 |
| Orb of Lightning | 1 | 375 |
| Potion of Mana | 1 | 200 |
| Scroll of Town Portal | 6 | 2100 |
| Scroll of Healing | 2 | 500 |
| Potion of Lesser Invulnerability | 4 | 600 |
| Tome of Retraining | 1 | 300 |
| total: | 23 | 5675g |
| Peon | 44 | 3300 | / | 0 |
| Troll Headhunter | 6 | 840 | / | 120 |
| Demolisher | 5 | 1100 | / | 250 |
| Tauren | 2 | 560 | / | 160 |
| Troll Berserker | 7 | 980 | / | 140 |
| Troll Batrider | 9 | 1440 | / | 360 |
| Wind Rider | 5 | 1325 | / | 200 |
| total: | 78 | 9545g | / | 1230w |
| Watch Tower | 43 | 4730 | / | 3440 |
| Altar of Storms | 1 | 180 | / | 50 |
| Orc Burrow | 6 | 960 | / | 240 |
| War Mill | 1 | 205 | / | 0 |
| Barracks | 1 | 180 | / | 50 |
| Voodoo Lounge | 6 | 780 | / | 180 |
| Great Hall | 8 | 3080 | / | 1480 |
| Tauren Totem | 2 | 270 | / | 310 |
| Beastiary | 2 | 290 | / | 280 |
| Stronghold | 1 | 315 | / | 190 |
| Fortress | 1 | 325 | / | 190 |
| total: | 70 | 10675g | / | 6030w |
| 0:02 | Peon |
| 0:02 | Peon |
| 0:02 | Peon |
| 0:08 | Altar of Storms |
| 0:21 | Orc Burrow |
| 0:52 | Peon |
| 0:57 | War Mill |
| 1:05 | Peon |
| 1:12 | Barracks |
| 1:32 | Peon |
| 1:32 | Peon |
| 1:43 | Voodoo Lounge |
| 1:47 | Orc Burrow |
| 1:56 | Peon |
| 2:14 | War Stomp |
| 2:24 | Troll Headhunter |
| 2:24 | Troll Headhunter |
| 2:29 | Voodoo Lounge |
| 3:07 | Troll Headhunter |
| 3:31 | Troll Headhunter |
| 3:33 | Orc Burrow |
| 3:41 | Lesser Clarity Potion |
| 3:48 | Stronghold |
| 4:16 | Endurance Aura |
| 4:44 | Troll Headhunter |
| 5:02 | Steel Ranged Weapons |
| 5:06 | Steel Armor |
| 5:20 | Troll Headhunter |
| 6:11 | Fortress |
| 6:12 | Demolisher |
| 6:34 | Tauren Totem |
| 6:43 | Great Hall |
| 6:50 | Reinforced Defenses |
| 7:21 | War Stomp |
| 7:35 | Tauren Totem |
| 8:07 | Demolisher |
| 8:12 | Thorium Ranged Weapons |
| 9:15 | Burning Oil |
| 9:15 | Demolisher |
| 9:30 | Peon |
| 9:30 | Peon |
| 9:30 | Peon |
| 9:35 | Watch Tower |
| 9:37 | Watch Tower |
| 9:39 | Peon |
| 9:39 | Peon |
| 9:48 | Tauren |
| 9:56 | Berserker Upgrade |
| 10:03 | Peon |
| 10:03 | Peon |
| 10:25 | Watch Tower |
| 10:44 | Watch Tower |
| 11:51 | Orc Burrow |
| 12:29 | Troll Berserker |
| 12:29 | Troll Berserker |
| 12:31 | Demolisher |
| 12:31 | Demolisher |
| 12:33 | Arcanite Ranged Weapons |
| 12:54 | Great Hall |
| 13:01 | Peon |
| 13:01 | Peon |
| 13:38 | Watch Tower |
| 14:05 | Scroll of Speed |
| 14:06 | Tiny Great Hall |
| 14:27 | Watch Tower |
| 14:30 | Watch Tower |
| 14:43 | Watch Tower |
| 15:08 | Watch Tower |
| 15:36 | Orb of Lightning |
| 15:37 | Scroll of Town Portal |
| 16:21 | Watch Tower |
| 16:22 | Watch Tower |
| 16:22 | Watch Tower |
| 16:23 | Watch Tower |
| 16:24 | Watch Tower |
| 16:52 | Watch Tower |
| 16:53 | Watch Tower |
| 16:56 | Watch Tower |
| 16:56 | Watch Tower |
| 16:56 | Watch Tower |
| 16:57 | Watch Tower |
| 17:01 | Watch Tower |
| 17:15 | Peon |
| 17:15 | Peon |
| 17:15 | Peon |
| 17:15 | Peon |
| 17:24 | Peon |
| 17:24 | Peon |
| 17:28 | Peon |
| 17:53 | Watch Tower |
| 18:11 | Watch Tower |
| 18:19 | Peon |
| 18:19 | Peon |
| 18:22 | Watch Tower |
| 18:32 | Watch Tower |
| 19:12 | Watch Tower |
| 19:39 | Peon |
| 19:39 | Peon |
| 19:55 | Troll Berserker |
| 19:55 | Troll Berserker |
| 20:14 | Beastiary |
| 20:41 | Troll Berserker |
| 20:41 | Troll Berserker |
| 20:44 | Watch Tower |
| 20:54 | Great Hall |
| 21:13 | Watch Tower |
| 21:39 | Troll Batrider |
| 21:39 | Troll Batrider |
| 21:55 | Great Hall |
| 22:01 | Endurance Aura |
| 22:06 | Beastiary |
| 22:33 | Watch Tower |
| 22:35 | Watch Tower |
| 22:45 | Watch Tower |
| 22:49 | Troll Batrider |
| 22:51 | Orc Burrow |
| 22:54 | Orc Burrow |
| 23:47 | Troll Batrider |
| 23:47 | Troll Batrider |
| 24:05 | Troll Batrider |
| 24:20 | Troll Batrider |
| 24:20 | Troll Batrider |
| 24:26 | Watch Tower |
| 24:47 | Peon |
| 27:09 | Troll Berserker |
| 27:13 | Peon |
| 27:14 | Peon |
| 27:35 | Pulverize |
| 27:36 | Tauren |
| 27:54 | Great Hall |
| 29:42 | Peon |
| 29:42 | Peon |
| 29:44 | Watch Tower |
| 30:33 | Potion of Lesser Invulnerability |
| 30:34 | Scroll of Town Portal |
| 30:41 | Watch Tower |
| 31:33 | Great Hall |
| 32:11 | Great Hall |
| 32:26 | Peon |
| 32:26 | Peon |
| 32:26 | Peon |
| 32:26 | Peon |
| 32:51 | Endurance Aura |
| 33:24 | Scroll of Town Portal |
| 34:57 | Great Hall |
| 35:48 | Potion of Lesser Invulnerability |
| 36:01 | Scroll of Town Portal |
| 36:14 | Tiny Great Hall |
| 36:23 | Wind Rider |
| 37:19 | Wind Rider |
| 37:25 | Lesser Clarity Potion |
| 37:27 | Scroll of Town Portal |
| 37:37 | Peon |
| 37:37 | Peon |
| 37:38 | Peon |
| 38:23 | Peon |
| 38:58 | Envenomed Spears |
| 39:03 | Thorium Armor |
| 39:04 | Wind Rider |
| 39:04 | Wind Rider |
| 39:05 | Wind Rider |
| 39:52 | Watch Tower |
| 41:27 | Watch Tower |
| 42:46 | Watch Tower |
| 43:01 | Watch Tower |
| 43:18 | Peon |
| 43:18 | Peon |
| 43:30 | Watch Tower |
| 43:33 | Watch Tower |
| 43:45 | Watch Tower |
| 43:49 | Watch Tower |
| 43:51 | Watch Tower |
| 45:15 | Potion of Lesser Invulnerability |
| 45:17 | Scroll of Healing |
| 45:21 | Tome of Retraining |
| 45:21 | Retrain Hero |
| 45:23 | Shockwave |
| 45:23 | Shockwave |
| 45:24 | Endurance Aura |
| 45:24 | Endurance Aura |
| 45:53 | Voodoo Lounge |
| 46:19 | Voodoo Lounge |
| 46:23 | Peon |
| 46:28 | Voodoo Lounge |
| 46:37 | Voodoo Lounge |
| 47:43 | Lesser Clarity Potion |
| 47:45 | Potion of Mana |
| 50:06 | Scroll of Town Portal |
| 50:07 | Lesser Clarity Potion |
| 50:48 | Lesser Clarity Potion |
| 50:57 | Troll Batrider |
| 53:54 | Potion of Lesser Invulnerability |
| 53:56 | Scroll of Healing |
| 54:35 | Hex |
| Right click | 3169 |
| Select group | 1886 |
| Select | 1001 |
| Misc. action | 971 |
| Resource trade | 229 |
| Build/train/purchase | 215 |
| Use ability | 42 |
| Assign group | 40 |
| Remove unit | 3 |
| Minimap ping | 3 |
| Esc | 2 |


| Lesser Clarity Potion | 3 | 210 |
| Scroll of Town Portal | 1 | 350 |
| total: | 4 | 560g |
| Peasant | 8 | 600 | / | 0 |
| Rifleman | 16 | 3280 | / | 480 |
| Priest | 10 | 1350 | / | 100 |
| Mortar Team | 24 | 4320 | / | 1680 |
| Sorceress | 10 | 1550 | / | 200 |
| Flying Machine | 3 | 300 | / | 90 |
| total: | 71 | 11400g | / | 2550w |
| Scout Tower | 11 | 330 | / | 220 |
| Guard Tower | 5 | 350 | / | 250 |
| Arcane Tower | 3 | 210 | / | 150 |
| Blacksmith | 2 | 280 | / | 120 |
| Farm | 11 | 880 | / | 220 |
| Altar of Kings | 1 | 180 | / | 50 |
| Barracks | 1 | 160 | / | 60 |
| Lumber Mill | 1 | 120 | / | 0 |
| Arcane Vault | 1 | 130 | / | 30 |
| Town Hall | 3 | 1155 | / | 615 |
| Workshop | 3 | 420 | / | 420 |
| Arcane Sanctum | 1 | 150 | / | 140 |
| Keep | 2 | 640 | / | 420 |
| Castle | 2 | 720 | / | 420 |
| total: | 35 | 3805g | / | 1875w |
| 0:04 | Peasant |
| 0:04 | Peasant |
| 0:05 | Peasant |
| 0:22 | Peasant |
| 0:51 | Blacksmith |
| 0:55 | Peasant |
| 1:06 | Farm |
| 1:09 | Altar of Kings |
| 1:13 | Peasant |
| 1:21 | Barracks |
| 1:27 | Peasant |
| 1:32 | Farm |
| 1:37 | Peasant |
| 1:42 | Lumber Mill |
| 2:10 | Arcane Vault |
| 2:23 | Rifleman |
| 2:25 | Farm |
| 2:42 | Rifleman |
| 2:50 | Improved Lumber Harvesting |
| 3:15 | Rifleman |
| 3:32 | Farm |
| 3:39 | Rifleman |
| 3:49 | Summon Water Elemental |
| 4:11 | Keep |
| 4:31 | Rifleman |
| 4:57 | Brilliance Aura |
| 5:06 | Farm |
| 5:10 | Scout Tower |
| 5:19 | Rifleman |
| 5:23 | Black Gunpowder |
| 6:06 | Rifleman |
| 6:18 | Farm |
| 6:20 | Guard Tower |
| 6:31 | Studded Leather Armor |
| 6:34 | Long Rifles |
| 6:38 | Workshop |
| 6:41 | Arcane Sanctum |
| 6:45 | Lesser Clarity Potion |
| 6:57 | Farm |
| 7:22 | Farm |
| 7:29 | Blizzard |
| 7:41 | Refined Gunpowder |
| 7:56 | Priest |
| 7:58 | Mortar Team |
| 8:03 | Holy Light |
| 8:20 | Farm |
| 8:24 | Advanced Lumber Harvesting |
| 8:56 | Mortar Team |
| 9:20 | Priest |
| 9:22 | Mortar Team |
| 9:38 | Farm |
| 9:53 | Sorceress |
| 10:13 | Reinforced Leather Armor |
| 10:30 | Sorceress |
| 12:35 | Divine Shield |
| 12:42 | Castle |
| 12:44 | Rifleman |
| 12:48 | Town Hall |
| 13:51 | Mortar Team |
| 13:54 | Priest |
| 13:54 | Sorceress |
| 14:28 | Mortar Team |
| 15:32 | Rifleman |
| 15:34 | Mortar Team |
| 16:03 | Rifleman |
| 16:23 | Blizzard |
| 17:10 | Rifleman |
| 18:16 | Imbued Gunpowder |
| 18:29 | Lesser Clarity Potion |
| 18:29 | Scroll of Town Portal |
| 18:46 | Scout Tower |
| 20:12 | Town Hall |
| 20:14 | Guard Tower |
| 20:18 | Scout Tower |
| 20:52 | Guard Tower |
| 21:16 | Scout Tower |
| 21:19 | Scout Tower |
| 21:51 | Guard Tower |
| 22:07 | Scout Tower |
| 22:17 | Dragonhide Armor |
| 26:48 | Holy Light |
| 29:53 | Town Hall |
| 30:24 | Lesser Clarity Potion |
| 30:57 | Guard Tower |
| 31:06 | Blacksmith |
| 31:55 | Sorceress |
| 32:38 | Rifleman |
| 32:40 | Priest |
| 32:40 | Priest |
| 32:49 | Keep |
| 33:44 | Scout Tower |
| 33:48 | Scout Tower |
| 34:08 | Sorceress |
| 34:09 | Sorceress |
| 34:09 | Sorceress |
| 35:05 | Arcane Tower |
| 35:13 | Workshop |
| 35:18 | Workshop |
| 35:37 | Sorceress Adept Training |
| 35:39 | Rifleman |
| 36:01 | Mortar Team |
| 36:13 | Rifleman |
| 36:17 | Farm |
| 36:35 | Mortar Team |
| 37:17 | Mortar Team |
| 37:32 | Mortar Team |
| 38:26 | Flying Machine |
| 39:03 | Mortar Team |
| 40:53 | Sorceress |
| 40:54 | Priest |
| 40:57 | Mortar Team |
| 41:18 | Castle |
| 41:20 | Mortar Team |
| 41:50 | Mortar Team |
| 42:52 | Mortar Team |
| 44:53 | Mortar Team |
| 46:16 | Priest |
| 46:16 | Priest |
| 48:04 | Mortar Team |
| 48:46 | Mortar Team |
| 49:04 | Flying Machine |
| 49:16 | Rifleman |
| 49:16 | Rifleman |
| 49:36 | Mortar Team |
| 50:36 | Scout Tower |
| 51:44 | Arcane Tower |
| 52:00 | Mortar Team |
| 52:53 | Mortar Team |
| 53:09 | Priest |
| 53:09 | Priest |
| 53:23 | Flying Machine |
| 53:32 | Mortar Team |
| 54:02 | Mortar Team |
| 55:56 | Sorceress |
| 55:56 | Sorceress |
| 56:13 | Scout Tower |
| 56:34 | Scout Tower |
| 57:00 | Flying Machine Bombs |
| 57:02 | Mortar Team |
| 57:09 | Arcane Tower |
| Right click | 1653 |
| Select group | 1515 |
| Select | 1333 |
| Misc. action | 243 |
| Build/train/purchase | 169 |
| Assign group | 69 |
| Use ability | 66 |
| Minimap ping | 8 |
| Resource trade | 6 |
| Item give/drop | 5 |



x1)
| Lesser Clarity Potion | 10 | 700 |
| Potion of Mana | 1 | 200 |
| Orb of Lightning | 1 | 375 |
| Potion of Healing | 1 | 150 |
| Scroll of Town Portal | 1 | 350 |
| Scroll of Healing | 1 | 250 |
| Tome of Retraining | 1 | 300 |
| Potion of Lesser Invulnerability | 1 | 150 |
| total: | 17 | 2475g |
| Peon | 19 | 1425 | / | 0 |
| Troll Headhunter | 7 | 980 | / | 140 |
| Troll Berserker | 11 | 1540 | / | 220 |
| Shaman | 7 | 910 | / | 140 |
| Troll Witch Doctor | 7 | 1015 | / | 175 |
| Demolisher | 1 | 220 | / | 50 |
| Wind Rider | 7 | 1855 | / | 280 |
| Raider | 1 | 180 | / | 40 |
| total: | 60 | 8125g | / | 1045w |
| Watch Tower | 64 | 7040 | / | 5120 |
| Altar of Storms | 6 | 1080 | / | 300 |
| Orc Burrow | 11 | 1760 | / | 440 |
| War Mill | 4 | 820 | / | 0 |
| Barracks | 2 | 360 | / | 100 |
| Great Hall | 6 | 2310 | / | 1110 |
| Voodoo Lounge | 1 | 130 | / | 30 |
| Spirit Lodge | 3 | 450 | / | 450 |
| Beastiary | 3 | 435 | / | 420 |
| Stronghold | 6 | 1890 | / | 1140 |
| Fortress | 4 | 1300 | / | 760 |
| total: | 100 | 14385g | / | 7970w |
| 0:03 | Peon |
| 0:03 | Peon |
| 0:06 | Altar of Storms |
| 0:08 | Altar of Storms |
| 0:10 | Altar of Storms |
| 0:23 | Orc Burrow |
| 0:27 | Peon |
| 0:34 | Peon |
| 0:50 | War Mill |
| 0:57 | Peon |
| 1:19 | Barracks |
| 1:23 | Peon |
| 1:36 | Orc Burrow |
| 1:41 | Peon |
| 1:55 | Peon |
| 2:11 | War Stomp |
| 2:15 | Peon |
| 2:21 | Troll Headhunter |
| 2:32 | Troll Headhunter |
| 3:00 | Stronghold |
| 3:07 | Troll Headhunter |
| 3:32 | Troll Headhunter |
| 3:53 | Troll Headhunter |
| 3:59 | Orc Burrow |
| 4:16 | Endurance Aura |
| 4:40 | Troll Headhunter |
| 4:44 | Orc Burrow |
| 5:14 | Troll Headhunter |
| 5:28 | Spirit Lodge |
| 6:07 | War Stomp |
| 6:15 | Reinforced Defenses |
| 6:18 | Fortress |
| 6:32 | Hex |
| 6:48 | Watch Tower |
| 6:49 | Watch Tower |
| 7:28 | Great Hall |
| 7:44 | Watch Tower |
| 7:55 | Watch Tower |
| 7:57 | Shaman Adept Training |
| 8:02 | Watch Tower |
| 8:52 | Watch Tower |
| 9:01 | Healing Wave |
| 9:05 | Frost Arrows |
| 9:08 | Berserker Upgrade |
| 9:12 | Peon |
| 9:12 | Peon |
| 9:46 | Shaman Master Training |
| 10:14 | Tome of Retraining |
| 10:14 | Retrain Hero |
| 10:15 | Potion of Lesser Invulnerability |
| 10:17 | Shockwave |
| 10:18 | Shockwave |
| 10:18 | Endurance Aura |
| 10:26 | Troll Berserker |
| 10:27 | Steel Ranged Weapons |
| 11:06 | Troll Berserker |
| 11:07 | Shaman |
| 11:47 | Peon |
| 11:47 | Peon |
| 11:48 | Troll Berserker |
| 11:50 | Thorium Ranged Weapons |
| 12:44 | Watch Tower |
| 12:45 | Watch Tower |
| 12:45 | Watch Tower |
| 12:46 | Watch Tower |
| 13:22 | Peon |
| 13:22 | Peon |
| 13:26 | Arcanite Ranged Weapons |
| 13:48 | Watch Tower |
| 14:05 | Peon |
| 14:14 | Shaman |
| 14:20 | Watch Tower |
| 15:43 | Great Hall |
| 16:16 | Watch Tower |
| 16:44 | Stronghold |
| 17:23 | Orc Burrow |
| 18:38 | Watch Tower |
| 18:42 | War Mill |
| 18:57 | Witch Doctor Adept Training |
| 18:58 | Troll Witch Doctor |
| 20:05 | Watch Tower |
| 20:40 | Watch Tower |
| 20:40 | Watch Tower |
| 20:41 | Watch Tower |
| 20:54 | Watch Tower |
| 21:04 | Stronghold |
| 21:32 | Great Hall |
| 22:23 | War Mill |
| 22:39 | Altar of Storms |
| 22:41 | Altar of Storms |
| 24:08 | Orc Burrow |
| 24:11 | Orc Burrow |
| 24:37 | Watch Tower |
| 24:38 | Watch Tower |
| 24:42 | Fortress |
| 24:51 | Orc Burrow |
| 25:06 | Watch Tower |
| 25:22 | Orc Burrow |
| 25:42 | Orc Burrow |
| 25:57 | Watch Tower |
| 25:58 | Watch Tower |
| 26:15 | Great Hall |
| 27:57 | Lesser Clarity Potion |
| 27:57 | Lesser Clarity Potion |
| 28:00 | Great Hall |
| 28:02 | Watch Tower |
| 28:03 | Watch Tower |
| 28:16 | Watch Tower |
| 28:46 | Barracks |
| 28:52 | Endurance Aura |
| 29:08 | Stronghold |
| 29:35 | Watch Tower |
| 29:42 | Lesser Clarity Potion |
| 29:44 | Lesser Clarity Potion |
| 30:16 | Troll Berserker |
| 30:16 | Troll Berserker |
| 30:47 | War Mill |
| 30:56 | Great Hall |
| 30:58 | Watch Tower |
| 31:43 | Peon |
| 31:43 | Peon |
| 31:53 | Troll Berserker |
| 31:55 | Spirit Lodge |
| 32:18 | Watch Tower |
| 32:35 | Demolisher |
| 32:36 | Troll Regeneration |
| 32:38 | Watch Tower |
| 32:40 | Watch Tower |
| 33:11 | Troll Witch Doctor |
| 33:11 | Troll Witch Doctor |
| 33:38 | Peon |
| 33:45 | Beastiary |
| 33:47 | Beastiary |
| 33:50 | Beastiary |
| 34:49 | Spirit Lodge |
| 34:54 | Watch Tower |
| 35:16 | Troll Berserker |
| 35:30 | Wind Rider |
| 35:50 | Stronghold |
| 36:09 | Wind Rider |
| 36:11 | Troll Witch Doctor |
| 37:36 | Watch Tower |
| 37:36 | Watch Tower |
| 37:36 | Watch Tower |
| 37:37 | Watch Tower |
| 38:21 | Watch Tower |
| 38:26 | Shaman |
| 38:49 | Watch Tower |
| 38:50 | Watch Tower |
| 38:51 | Watch Tower |
| 38:52 | Watch Tower |
| 39:16 | Watch Tower |
| 39:17 | Watch Tower |
| 39:45 | Wind Rider |
| 40:14 | Watch Tower |
| 40:14 | Watch Tower |
| 40:23 | Lesser Clarity Potion |
| 40:25 | Scroll of Town Portal |
| 40:33 | Watch Tower |
| 40:34 | Watch Tower |
| 40:42 | Wind Rider |
| 40:46 | Ensnare |
| 40:48 | Watch Tower |
| 41:10 | Watch Tower |
| 41:14 | Watch Tower |
| 41:20 | Watch Tower |
| 42:05 | Watch Tower |
| 42:46 | Watch Tower |
| 43:00 | Steel Armor |
| 43:02 | Orc Burrow |
| 44:16 | Scroll of Healing |
| 44:19 | Raider |
| 45:29 | Watch Tower |
| 45:29 | Watch Tower |
| 45:45 | Troll Witch Doctor |
| 45:49 | Fortress |
| 46:08 | Forked Lightning |
| 46:30 | Watch Tower |
| 47:03 | Watch Tower |
| 47:04 | Watch Tower |
| 47:06 | Lesser Clarity Potion |
| 47:23 | Watch Tower |
| 47:25 | Watch Tower |
| 48:18 | Lesser Clarity Potion |
| 48:31 | Voodoo Lounge |
| 48:36 | Witch Doctor Master Training |
| 48:37 | Troll Witch Doctor |
| 50:14 | Potion of Mana |
| 50:14 | Lesser Clarity Potion |
| 50:15 | Orb of Lightning |
| 50:32 | Shaman |
| 50:33 | Troll Berserker |
| 50:34 | Troll Berserker |
| 50:41 | Lesser Clarity Potion |
| 50:58 | Watch Tower |
| 51:53 | Potion of Healing |
| 52:00 | Wind Rider |
| 52:24 | Wind Rider |
| 52:26 | Shaman |
| 52:51 | Watch Tower |
| 53:45 | Troll Witch Doctor |
| 53:52 | Watch Tower |
| 55:34 | Lesser Clarity Potion |
| 56:26 | Altar of Storms |
| 58:16 | Shaman |
| 58:18 | Troll Berserker |
| 58:19 | Troll Berserker |
| 59:10 | Wind Rider |
| 59:10 | Envenomed Spears |
| 59:56 | Shaman |
| Select group | 2740 |
| Right click | 1859 |
| Select | 923 |
| Misc. action | 650 |
| Build/train/purchase | 170 |
| Use ability | 162 |
| Assign group | 72 |
| Minimap ping | 21 |
| Esc | 3 |
119 units @ 12.9k
/ 2.5k
146 buildings @ 9.7k
/ 5.2k



| Peasant | 14 | 1050 | / | 0 |
| Mortar Team | 7 | 1260 | / | 490 |
| Flying Machine | 31 | 3100 | / | 930 |
| Dragonhawk Rider | 6 | 1200 | / | 180 |
| total: | 58 | 6610g | / | 1600w |
| Scout Tower | 44 | 1320 | / | 880 |
| Arcane Tower | 8 | 560 | / | 400 |
| Guard Tower | 9 | 630 | / | 450 |
| Altar of Kings | 1 | 180 | / | 50 |
| Farm | 13 | 1040 | / | 260 |
| Lumber Mill | 1 | 120 | / | 0 |
| Blacksmith | 1 | 140 | / | 60 |
| Arcane Vault | 1 | 130 | / | 30 |
| Barracks | 1 | 160 | / | 60 |
| Cannon Tower | 2 | 240 | / | 200 |
| Workshop | 4 | 560 | / | 560 |
| Gryphon Aviary | 1 | 140 | / | 150 |
| Keep | 1 | 320 | / | 210 |
| Castle | 1 | 360 | / | 210 |
| total: | 67 | 3790g | / | 2050w |
| 0:03 | Peasant |
| 0:04 | Peasant |
| 0:07 | Altar of Kings |
| 0:11 | Farm |
| 0:13 | Farm |
| 0:18 | Peasant |
| 0:25 | Peasant |
| 0:45 | Peasant |
| 0:52 | Lumber Mill |
| 0:54 | Peasant |
| 1:00 | Scout Tower |
| 1:05 | Peasant |
| 1:15 | Farm |
| 1:19 | Farm |
| 1:24 | Peasant |
| 1:32 | Peasant |
| 1:38 | Arcane Tower |
| 1:59 | Improved Lumber Harvesting |
| 2:03 | Peasant |
| 2:13 | Peasant |
| 2:26 | Peasant |
| 2:26 | Peasant |
| 2:26 | Peasant |
| 2:50 | Storm Bolt |
| 3:05 | Scout Tower |
| 3:06 | Scout Tower |
| 3:09 | Scout Tower |
| 3:12 | Scout Tower |
| 3:14 | Scout Tower |
| 3:30 | Scout Tower |
| 3:32 | Scout Tower |
| 3:32 | Scout Tower |
| 3:38 | Scout Tower |
| 3:39 | Scout Tower |
| 3:40 | Scout Tower |
| 3:44 | Guard Tower |
| 3:46 | Scout Tower |
| 3:49 | Scout Tower |
| 3:58 | Keep |
| 4:13 | Scout Tower |
| 4:14 | Scout Tower |
| 4:15 | Scout Tower |
| 4:17 | Guard Tower |
| 4:24 | Arcane Tower |
| 4:27 | Arcane Tower |
| 4:30 | Scout Tower |
| 4:31 | Scout Tower |
| 4:32 | Scout Tower |
| 5:00 | Arcane Tower |
| 5:01 | Arcane Tower |
| 5:03 | Scout Tower |
| 5:04 | Scout Tower |
| 5:04 | Scout Tower |
| 5:06 | Scout Tower |
| 5:06 | Scout Tower |
| 5:26 | Blacksmith |
| 5:30 | Farm |
| 5:35 | Arcane Tower |
| 5:36 | Guard Tower |
| 5:56 | Guard Tower |
| 6:00 | Scout Tower |
| 6:00 | Scout Tower |
| 6:16 | Scout Tower |
| 6:21 | Arcane Tower |
| 6:22 | Guard Tower |
| 6:25 | Arcane Tower |
| 6:27 | Castle |
| 6:39 | Workshop |
| 6:41 | Workshop |
| 6:43 | Workshop |
| 6:46 | Black Gunpowder |
| 6:49 | Farm |
| 6:50 | Farm |
| 6:51 | Farm |
| 7:27 | Improved Masonry |
| 7:32 | Workshop |
| 7:43 | Flak Cannons |
| 7:47 | Mortar Team |
| 7:47 | Mortar Team |
| 7:54 | Refined Gunpowder |
| 7:55 | Iron Plating |
| 8:12 | Guard Tower |
| 8:15 | Scout Tower |
| 8:15 | Scout Tower |
| 8:16 | Scout Tower |
| 8:24 | Flying Machine |
| 8:25 | Flying Machine |
| 8:25 | Flying Machine |
| 8:30 | Farm |
| 8:49 | Guard Tower |
| 9:03 | Flying Machine Bombs |
| 9:05 | Flying Machine |
| 9:05 | Flying Machine |
| 9:06 | Flying Machine |
| 9:07 | Flying Machine |
| 9:07 | Flying Machine |
| 9:10 | Farm |
| 9:15 | Farm |
| 9:21 | Gryphon Aviary |
| 9:28 | Arcane Vault |
| 9:32 | Imbued Gunpowder |
| 9:44 | Flying Machine |
| 10:09 | Flying Machine |
| 10:28 | Steel Plating |
| 10:32 | Advanced Masonry |
| 10:56 | Cannon Tower |
| 10:59 | Scout Tower |
| 11:00 | Scout Tower |
| 11:00 | Scout Tower |
| 11:01 | Scout Tower |
| 11:31 | Flying Machine |
| 11:31 | Flying Machine |
| 11:31 | Flying Machine |
| 11:31 | Flying Machine |
| 11:31 | Flying Machine |
| 11:31 | Flying Machine |
| 11:31 | Flying Machine |
| 11:32 | Flying Machine |
| 11:43 | Farm |
| 11:49 | Mortar Team |
| 11:50 | Fragmentation Shards |
| 11:53 | Flying Machine |
| 11:53 | Flying Machine |
| 11:53 | Flying Machine |
| 11:54 | Flying Machine |
| 12:02 | Cloud |
| 12:03 | Dragonhawk Rider |
| 12:03 | Dragonhawk Rider |
| 12:03 | Dragonhawk Rider |
| 12:09 | Farm |
| 12:18 | Cannon Tower |
| 12:19 | Guard Tower |
| 12:38 | Imbued Masonry |
| 12:41 | Flying Machine |
| 12:41 | Flying Machine |
| 16:32 | Dragonhawk Rider |
| 16:32 | Dragonhawk Rider |
| 16:32 | Dragonhawk Rider |
| 16:33 | Mithril Plating |
| 16:34 | Studded Leather Armor |
| 16:35 | Barracks |
| 20:40 | Bash |
| 26:56 | Divine Shield |
| 28:05 | Flare |
| 29:15 | Mortar Team |
| 29:16 | Mortar Team |
| 30:39 | Brilliance Aura |
| 32:43 | Storm Bolt |
| 35:19 | Mortar Team |
| 35:28 | Reinforced Leather Armor |
| 40:42 | Holy Light |
| 46:34 | Scout Tower |
| 46:36 | Scout Tower |
| 46:40 | Scout Tower |
| 46:41 | Scout Tower |
| 46:46 | Scout Tower |
| 46:46 | Scout Tower |
| 46:52 | Scout Tower |
| 46:53 | Scout Tower |
| 46:54 | Scout Tower |
| 46:59 | Flying Machine |
| 46:59 | Flying Machine |
| 47:00 | Flying Machine |
| 47:00 | Flying Machine |
| 47:03 | Flying Machine |
| 47:21 | Guard Tower |
| 48:03 | Flying Machine |
| 48:03 | Flying Machine |
| 49:50 | Resurrection |
| 53:43 | Mortar Team |
| 60:22 | Blizzard |
| Right click | 3885 |
| Select group | 1628 |
| Select | 494 |
| Build/train/purchase | 150 |
| Minimap ping | 38 |
| Assign group | 28 |
| Misc. action | 24 |
| Use ability | 24 |
| Esc | 10 |
| Chat | 7 |
| Resource trade | 6 |
| Item give/drop | 1 |
DudeWhy
(236)
(60:35) : 

| Boots of Speed | 2 | 500 |
| Orb of Lightning | 3 | 1125 |
| total: | 5 | 1625g |
| Peasant | 17 | 1275 | / | 0 |
| Mortar Team | 8 | 1440 | / | 560 |
| total: | 25 | 2715g | / | 560w |
| Scout Tower | 47 | 1410 | / | 940 |
| Arcane Tower | 6 | 420 | / | 300 |
| Guard Tower | 15 | 1050 | / | 750 |
| Altar of Kings | 1 | 180 | / | 50 |
| Farm | 5 | 400 | / | 100 |
| Lumber Mill | 1 | 120 | / | 0 |
| Town Hall | 1 | 385 | / | 205 |
| Blacksmith | 1 | 140 | / | 60 |
| Workshop | 1 | 140 | / | 140 |
| Keep | 1 | 320 | / | 210 |
| Castle | 1 | 360 | / | 210 |
| total: | 57 | 2775g | / | 1495w |
| 0:02 | Peasant |
| 0:04 | Altar of Kings |
| 0:08 | Peasant |
| 0:19 | Farm |
| 0:20 | Peasant |
| 0:33 | Lumber Mill |
| 0:34 | Peasant |
| 0:35 | Peasant |
| 0:51 | Peasant |
| 0:55 | Farm |
| 0:58 | Scout Tower |
| 1:19 | Peasant |
| 1:34 | Arcane Tower |
| 1:36 | Peasant |
| 1:41 | Peasant |
| 1:46 | Improved Lumber Harvesting |
| 2:06 | Scout Tower |
| 2:07 | Scout Tower |
| 2:07 | Scout Tower |
| 2:11 | Storm Bolt |
| 2:15 | Peasant |
| 2:18 | Peasant |
| 2:30 | Peasant |
| 2:53 | Guard Tower |
| 3:12 | Town Hall |
| 3:16 | Scout Tower |
| 3:17 | Scout Tower |
| 3:21 | Scout Tower |
| 3:52 | Guard Tower |
| 3:55 | Guard Tower |
| 4:11 | Scout Tower |
| 4:13 | Scout Tower |
| 4:13 | Scout Tower |
| 4:28 | Improved Masonry |
| 4:44 | Bash |
| 4:46 | Bash |
| 4:58 | Scout Tower |
| 4:58 | Scout Tower |
| 4:59 | Scout Tower |
| 5:00 | Guard Tower |
| 5:05 | Peasant |
| 5:06 | Peasant |
| 5:21 | Guard Tower |
| 5:25 | Peasant |
| 5:26 | Peasant |
| 5:26 | Peasant |
| 5:29 | Guard Tower |
| 5:48 | Scout Tower |
| 5:48 | Scout Tower |
| 5:49 | Scout Tower |
| 5:49 | Guard Tower |
| 5:52 | Guard Tower |
| 6:03 | Keep |
| 6:14 | Scout Tower |
| 6:15 | Scout Tower |
| 6:16 | Guard Tower |
| 7:13 | Arcane Tower |
| 7:53 | Holy Light |
| 8:26 | Scout Tower |
| 8:27 | Scout Tower |
| 8:28 | Scout Tower |
| 9:00 | Guard Tower |
| 9:07 | Boots of Speed |
| 9:07 | Boots of Speed |
| 9:37 | Scout Tower |
| 9:58 | Blacksmith |
| 10:14 | Scout Tower |
| 10:15 | Scout Tower |
| 10:16 | Scout Tower |
| 10:16 | Scout Tower |
| 10:25 | Holy Light |
| 10:33 | Scout Tower |
| 10:37 | Advanced Masonry |
| 10:45 | Scout Tower |
| 10:48 | Scout Tower |
| 10:54 | Guard Tower |
| 12:26 | Scout Tower |
| 12:27 | Scout Tower |
| 12:27 | Scout Tower |
| 12:27 | Scout Tower |
| 12:29 | Scout Tower |
| 12:30 | Scout Tower |
| 12:30 | Scout Tower |
| 12:31 | Scout Tower |
| 12:54 | Workshop |
| 12:58 | Black Gunpowder |
| 13:05 | Guard Tower |
| 13:35 | Storm Bolt |
| 13:36 | Storm Bolt |
| 13:37 | Divine Shield |
| 13:43 | Flare |
| 13:43 | Mortar Team |
| 13:45 | Farm |
| 13:45 | Farm |
| 13:46 | Farm |
| 14:01 | Guard Tower |
| 15:18 | Mortar Team |
| 15:19 | Mortar Team |
| 16:12 | Mortar Team |
| 17:52 | Divine Shield |
| 19:00 | Holy Light |
| 20:34 | Scout Tower |
| 20:34 | Scout Tower |
| 20:35 | Scout Tower |
| 20:36 | Scout Tower |
| 20:36 | Scout Tower |
| 20:37 | Scout Tower |
| 20:45 | Bash |
| 20:47 | Holy Light |
| 20:50 | Castle |
| 20:52 | Refined Gunpowder |
| 21:32 | Guard Tower |
| 21:48 | Arcane Tower |
| 21:49 | Arcane Tower |
| 21:51 | Arcane Tower |
| 22:43 | Arcane Tower |
| 22:45 | Scout Tower |
| 22:47 | Scout Tower |
| 22:48 | Scout Tower |
| 22:49 | Scout Tower |
| 23:51 | Mortar Team |
| 23:51 | Mortar Team |
| 23:52 | Fragmentation Shards |
| 23:52 | Mortar Team |
| 23:53 | Mortar Team |
| 23:57 | Guard Tower |
| 29:09 | Divine Shield |
| 33:30 | Storm Bolt |
| 39:25 | Holy Light |
| 41:22 | Orb of Lightning |
| 43:23 | Orb of Lightning |
| 45:34 | Avatar |
| 46:46 | Orb of Lightning |
| 50:25 | Resurrection |
| 50:34 | Avatar |
| 54:59 | Bash |
| 55:47 | Bash |
| 59:52 | Divine Shield |
| 59:54 | Divine Shield |
| Right click | 3920 |
| Select group | 1188 |
| Select | 381 |
| Use ability | 231 |
| Misc. action | 155 |
| Build/train/purchase | 119 |
| Resource trade | 85 |
| Assign group | 26 |
| Minimap ping | 15 |
| Esc | 4 |
| Item give/drop | 2 |
| Remove unit | 2 |
Cabeelibob
(194)
(60:35) : 
| Lesser Clarity Potion | 4 | 280 |
| Tiny Great Hall | 2 | 1200 |
| Orb of Lightning | 1 | 375 |
| Boots of Speed | 1 | 250 |
| total: | 8 | 2105g |
| Peon | 27 | 2025 | / | 0 |
| Troll Witch Doctor | 7 | 1015 | / | 175 |
| Kodo Beast | 2 | 510 | / | 120 |
| total: | 36 | 3550g | / | 295w |
| Watch Tower | 12 | 1320 | / | 960 |
| Altar of Storms | 1 | 180 | / | 50 |
| Orc Burrow | 4 | 640 | / | 160 |
| War Mill | 1 | 205 | / | 0 |
| Voodoo Lounge | 1 | 130 | / | 30 |
| Great Hall | 1 | 385 | / | 185 |
| Spirit Lodge | 1 | 150 | / | 150 |
| Beastiary | 1 | 145 | / | 140 |
| Stronghold | 1 | 315 | / | 190 |
| Fortress | 1 | 325 | / | 190 |
| total: | 22 | 3155g | / | 1675w |
| 0:04 | Altar of Storms |
| 0:07 | Orc Burrow |
| 0:08 | Peon |
| 0:11 | Orc Burrow |
| 0:12 | Peon |
| 0:21 | Peon |
| 0:55 | War Mill |
| 0:56 | Peon |
| 0:58 | Peon |
| 1:13 | Voodoo Lounge |
| 1:30 | Peon |
| 1:30 | Peon |
| 1:46 | Orc Burrow |
| 2:05 | Wind Walk |
| 2:21 | Watch Tower |
| 2:24 | Peon |
| 2:24 | Peon |
| 2:45 | Peon |
| 3:52 | Peon |
| 3:52 | Peon |
| 3:52 | Peon |
| 4:15 | Peon |
| 4:45 | Critical Strike |
| 4:55 | Peon |
| 5:12 | Watch Tower |
| 5:13 | Watch Tower |
| 5:13 | Watch Tower |
| 5:55 | Stronghold |
| 6:25 | Great Hall |
| 7:39 | Orc Burrow |
| 8:22 | Fortress |
| 8:27 | Reinforced Defenses |
| 9:19 | Spirit Lodge |
| 9:21 | Beastiary |
| 9:52 | Watch Tower |
| 9:53 | Watch Tower |
| 9:54 | Watch Tower |
| 10:05 | Lesser Clarity Potion |
| 10:41 | Boots of Speed |
| 10:58 | Witch Doctor Adept Training |
| 12:34 | Witch Doctor Master Training |
| 12:35 | War Drums Damage Increase |
| 12:41 | Lesser Clarity Potion |
| 12:43 | Tiny Great Hall |
| 13:46 | Troll Witch Doctor |
| 13:46 | Troll Witch Doctor |
| 13:47 | Troll Witch Doctor |
| 13:47 | Troll Witch Doctor |
| 13:48 | Kodo Beast |
| 13:49 | Kodo Beast |
| 14:17 | Critical Strike |
| 15:36 | Lesser Clarity Potion |
| 15:37 | Orb of Lightning |
| 18:08 | Tiny Great Hall |
| 18:50 | Wind Walk |
| 18:54 | Peon |
| 18:54 | Peon |
| 18:54 | Peon |
| 18:54 | Peon |
| 18:54 | Peon |
| 19:25 | Watch Tower |
| 19:26 | Watch Tower |
| 19:26 | Watch Tower |
| 19:27 | Watch Tower |
| 19:29 | Watch Tower |
| 20:24 | Peon |
| 20:25 | Peon |
| 20:25 | Peon |
| 20:25 | Peon |
| 20:46 | Peon |
| 21:44 | Critical Strike |
| 22:45 | Peon |
| 22:45 | Peon |
| 28:28 | Bladestorm |
| 38:26 | Wind Walk |
| 42:25 | Mirror Image |
| 47:20 | Troll Witch Doctor |
| 47:20 | Troll Witch Doctor |
| 47:21 | Troll Witch Doctor |
| 50:14 | Mirror Image |
| 55:56 | Lesser Clarity Potion |
| 58:22 | Mirror Image |
| Right click | 3215 |
| Misc. action | 394 |
| Select | 204 |
| Select group | 193 |
| Build/train/purchase | 189 |
| Resource trade | 72 |
| Chat | 35 |
| Minimap ping | 18 |
| Use ability | 16 |
| Remove unit | 7 |
| Item give/drop | 4 |
| Assign group | 1 |
⇛